 Dungeon Crawl Stone Soup version 0.28-a0-1199-gef9e1dbd39 (webtiles) character file.

Game seed: 4586603904087547522

439 Peloso the Covered (level 6, -5/56 HPs)
             Began as a Minotaur Fighter on Dec 19, 2021.
             Slain by a gnoll (7 damage)
             ... on level 3 of the Dungeon.
             The game lasted 00:03:18 (2219 turns).

Peloso the Covered (Minotaur Fighter)               Turns: 2219, Time: 00:03:19

Health: -5/56      AC: 12    Str: 20    XL:     6   Next: 70%
Magic:  5/5        EV:  6    Int:  5    God:
Gold:   41         SH:  5    Dex: 12    Spells: 5/5 levels left

rFire   . . .      SeeInvis .   a - +0 long sword
rCold   . . .      Faith    .   c - +0 buckler
rNeg    . . .      Spirit   .   f - +0 plate armour
rPois   .          Reflect  .   (helmet restricted)
rElec   .          Harm     .   (no cloak)
rCorr   .          Rampage  .   (no gloves)
Will    .....                   (no boots)
Stlth   ..........              (no amulet)
HPRegen 0.18/turn               (no ring)
MPRegen 0.09/turn               (no ring)

@: no status effects
A: horns 2, retaliatory headbutt
a: no special abilities


You were on level 3 of the Dungeon.
You visited 1 branch of the dungeon, and saw 3 of its levels.

You collected 41 gold pieces.

Inventory:

Hand Weapons
 a - a +0 long sword (weapon)
Armour
 b - a +0 scale mail
 c - a +0 buckler (worn)
 f - a +0 plate armour (worn)
Jewellery
 e - a ring of wizardry
Scrolls
 g - a scroll of acquirement {unknown}
 h - a scroll of enchant weapon {unknown}
 i - a scroll of identify {unknown}
Potions
 d - a potion of might


   Skills:
 + Level 5.0 Fighting
 + Level 5.2 Long Blades
 + Level 5.7 Armour
 + Level 1.1 Dodging
 + Level 0.3 Stealth
 + Level 5.1 Shields


You had 5 spell levels left.
You didn't know any spells.
Your spell library was empty.

Dungeon Overview and Level Annotations

Branches:
Dungeon (3/15)

Altars:
Yredelemnul

Annotations:
D:3 Sigmund


Innate Abilities, Weirdness & Mutations

You have a pair of horns on your head.
You reflexively headbutt those who attack you in melee.


Message History

You block the bat's attack. The bat hits you but does no damage.
The orc hits you but does no damage.
You hit the orc but do no damage.
The orc is almost dead.
The bat hits you but does no damage. The orc hits you but does no damage.
You barely miss the orc.
The orc is almost dead.
You block the bat's attack. The orc barely misses you.
You block the gnoll's attack.
You hit the orc but do no damage.
The orc is almost dead.
The bat closely misses you. The orc hits you but does no damage.
The gnoll hits you but does no damage. The bat barely misses you.
The orc hits you but does no damage.
You hit the orc.
You kill the orc!
The bat hits you but does no damage. The gnoll hits you but does no damage.
Your Fighting skill increases to level 5!
You block the bat's attack. You block the gnoll's attack.
The gnoll barely misses you. You furiously retaliate!
You headbutt the gnoll!
The gnoll throws a throwing net.
The throwing net hits you.
You become entangled in the net!
Items here: ( ) [ †.
You struggle against the net.
The bat hits you but does no damage.
The gnoll hits you from afar with a +0 spear.
The gnoll hits you but does no damage.
You struggle against the net.
The bat barely misses you.
The gnoll hits you from afar with a +0 spear.
The gnoll hits you but does no damage. The gnoll hits you with a +0 halberd.
You tear a large gash into the net.
The bat hits you but does no damage.
The ogre hits you with a +0 giant club!!
The gnoll hits you from afar with a +0 spear.
The gnoll hits you with a +0 halberd.
* * * LOW HITPOINT WARNING * * *
You rip the net and break free!
The bat hits you but does no damage. You block the gnoll's attack.
The ogre hits you with a +0 giant club!
* * * LOW HITPOINT WARNING * * *
The gnoll hits you but does no damage. The bat barely misses you.
The gnoll hits you with a +0 halberd!
You die...

#######.#)...#.......#....
#....#..)#........# .
#......#...##.....#
#.................####
#.....................
#....#..####...##..###
#....#.## ##...###...#
#....#.# #.b.........
#......# #g@......... #.#
#g#O........ .g.#.........
.......######## ..#......#
##...##### ...#. ..##.


You could see an ogre, 3 gnolls and a bat.

Vanquished Creatures
  Grinder (D:3)
  Jessica (D:2)
  Natasha (thrice) (D:2)
  3 gnolls
  2 adders
  A white imp (D:3)
  6 worms
  2 dart slugs
  An orc (D:3)
  5 endoplasms
  A giant cockroach (D:3)
  3 goblins
  4 hobgoblins
  2 jackals (D:2)
  8 kobolds
  2 quokkas (D:1)
  6 ball pythons
  6 bats
  2 frilled lizards
  6 rats
65 creatures vanquished.

Notes
Turn   | Place    | Note
-------+----------+-------------------------------------------
     0 | D:1      | Peloso the Minotaur Fighter began the quest for the Orb.
     0 | D:1      | Reached XP level 1. HP: 19/19 MP: 0/0
   141 | D:1      | Reached XP level 2. HP: 22/27 MP: 1/1
   472 | D:1      | Found a faded altar of an unknown god.
   782 | D:2      | Reached XP level 3. HP: 30/33 MP: 2/2
   852 | D:2      | Found a basalt altar of Yredelemnul.
   964 | D:2      | Noticed Natasha
   971 | D:2      | Killed Natasha
   972 | D:2      | Reached XP level 4. HP: 28/40 MP: 3/3
  1593 | D:3      | Reached XP level 5. HP: 41/47 MP: 4/4
  1767 | D:3      | Noticed Grinder
  1787 | D:3      | Paralysed by Grinder for 5 turns
  1794 | D:3      | Killed Grinder
  1795 | D:3      | Reached skill level 5 in Armour
  1795 | D:3      | Reached skill level 1 in Dodging
  1795 | D:3      | Reached skill level 5 in Shields
  1795 | D:3      | Reached XP level 6. HP: 31/53 MP: 5/5
  1999 | D:3      | Noticed Jessica
  2001 | D:3      | Noticed Sigmund
  2012 | D:2      | Killed Jessica
  2014 | D:2      | Noticed Natasha
  2025 | D:2      | Killed Natasha
  2026 | D:2      | Reached skill level 5 in Long Blades
  2071 | D:2      | Noticed Natasha
  2079 | D:2      | Killed Natasha
  2215 | D:3      | Reached skill level 5 in Fighting
  2219 | D:3      | HP: 2/56 [ogre (11)]
  2219 | D:3      | Slain by a gnoll

Illustrated notes

Levels and vault maps discovered:
D:1:      dpeg_arrival_round_b, layout_loops_ring, basic_ecumenical_altar
D:2:      layout_rooms, basic_altar, minmay_crystal_room, nicolae_wormholes,
          uniq_natasha
D:3:      layout_rooms, nicolae_hepliaklqana_hazy_memory,
          mainiacjoe_overflow_surrounded_room, serial_shops, nicolae_shop_stone,
          uniq_grinder, uniq_terence, uniq_jessica, uniq_sigmund

Skill      XL: |  1  2  3  4  5  6 |
---------------+-------------------+-----
Armour         | 4 5 |  5.7
Fighting       | 4 5 |  5.0
Shields        | 4 5 |  5.1
Long Blades    | 3 4 5 |  5.2
Dodging        | 1 |  1.1
Stealth        | |  0.3

Action                   |  1- 3 |  4- 6 || total
-------------------------+-------+-------++-------
Melee: Long sword        |    75 |    88 ||   163
       Headbutt          |    11 |    23 ||    34
Armor: Scale mail        |    43 |       ||    43
       Plate armour      |     2 |    79 ||    81
Dodge: Dodged            |    33 |    30 ||    63
Block: Buckler           |    21 |    33 ||    54

Table legend: (Time is in decaauts)
 A = Elapsed time spent in this place.
 B = Non-inter-level travel time spent in this place.
 C = Inter-level travel time spent in this place.
 D = Time resting spent in this place.
 E = Time spent auto-exploring this place.
 F = Levels seen in this place.
 G = Mean time per level.
                   A        B        C        D        E       F      G
               +--------+--------+--------+--------+--------+-----+--------+
         Total |   2258 |   2238 |     20 |    113 |   1583 |   3 |  752.7 |
       Dungeon |   2258 |   2238 |     20 |    113 |   1583 |   3 |  752.7 |
               +--------+--------+--------+--------+--------+-----+--------+

Top non-repeatable levels by time:
     D:2: 1027 daAuts
     D:1: 755 daAuts
     D:3: 474 daAuts
